 Dungeon Crawl Stone Soup version 0.32-a0-886-g41c5271027 (webtiles) character file.

Game seed: 8370102226490712870

6666 Dylgear the Cleaver (level 11, -3/81 HPs)
             Began as a Coglin Gladiator on Apr 2, 2024.
             Was a Priest of Wu Jian.
             Killed from afar by a gargoyle (25 damage)
             ... with a stone arrow
             ... on level 10 of the Dungeon on Apr 3, 2024.
             The game lasted 00:56:27 (9596 turns).

Dylgear the Cleaver (Coglin Gladiator)              Turns: 9596, Time: 00:56:27

Health: -3/81      AC: 16    Str: 17    XL:     11   Next: 3%
Magic:  11/11      EV:  6    Int:  6    God:    Wu Jian [***...]
Gold:   440        SH:  0    Dex: 21    Spells: 10/10 levels left

rFire   . . .        K - +3 war axe (freeze) {Francisco}
rCold   . . .        O - +3 trident (vamp) {Somchit}
rNeg    . . .        A - +0 plate armour
rPois   .            (helmet restricted)
rElec   .            w - +2 cloak
rCorr   .            (no gloves)
SInv    .            (no boots)
Will    .....        (amulet unavailable) Stlth
                     (ring unavailable)
HPRegen 0.33/turn    (ring unavailable)
MPRegen 0.12/turn    (no gizmo)

%: no passive effects
@: revved
A: off-hand wielding, slow wielding, warmup strikes, no jewellery, horns 1,
agile 1, mutation resistance 1
a: Invent Gizmo, Renounce Religion, Wall Jump, Serpent's Lash


You were on level 10 of the Dungeon.
You worshipped Wu Jian.
Wu Jian was most pleased with you.
You visited 2 branches of the dungeon, and saw 11 of its levels.

You collected 566 gold pieces.
You spent 126 gold pieces at shops.

Inventory:

Hand Weapons
 a - a +0 war axe {Birgit}
 d - a +2 whip of electrocution
 k - a +2 heavy halberd
 m - a +2 dagger of flaming {Hans}
 p - a +4 mace
 r - a +2 flail of pain
 I - a +1 short sword of freezing {Lisbeth}
 K - a +3 war axe of freezing (weapon) {Francisco}
 O - a +3 vampiric trident (offhand) {Somchit}
Missiles
 t - 8 javelins (quivered)
 u - 4 boomerangs
Armour
 c - a +0 helmet
 i - a +0 chain mail
 w - a +2 cloak (worn)
 A - a +0 plate armour (worn)
 H - the +0 ring mail of the Land of Plenty {Fly rElec rF- Dex+8}
   (You found it on level 6 of the Dungeon)

   Dex+8:     It affects your dexterity (+8).
   rF-:       It makes you vulnerable to fire.
   rElec:     It insulates you from electricity.
   Fly:       It grants you flight.
Talismans
 n - a beast talisman
 v - a serpent talisman
 F - a maw talisman
Wands
 f - a wand of polymorph (22)
 h - a wand of light (18)
 s - a wand of mindburst (25)
 J - a wand of warping (14)
 L - a wand of paralysis (7)
Scrolls
 e - a scroll of brand weapon
 g - 2 scrolls of fear
 l - 4 scrolls of revelation
 o - 2 scrolls of poison
 q - 2 scrolls of immolation
 x - a scroll of blinking
 y - 5 scrolls of teleportation
 B - a scroll of noise
 E - a scroll of identify
 N - a scroll of silence
Potions
 b - 2 potions of attraction
 j - 3 potions of enlightenment
 z - a potion of magic
 C - a potion of mutation
 D - a potion of might
 G - 2 potions of heal wounds
 M - 2 potions of ambrosia {unknown}


   Skills:
 + Level 6.1 Fighting
 - Level 4.1 Short Blades
 + Level 11.8 Axes
 + Level 2.1 Throwing
 + Level 7.2 Armour
 + Level 3.5 Dodging
 - Level 0.7 Stealth
 + Level 4.1 Evocations


You had 10 spell levels left.
You didn't know any spells.
Your spell library contained the following spells:

 Spells                   Type           Power      Damage    Failure   Level
 Kiss of Death            Conj/Necr      0%         2d5       100%        1
 Magic Dart               Conj           0%         1d3       100%        1
 Blink                    Tloc           0%         N/A       100%        2
 Call Imp                 Summ           0%         N/A       100%        2
 Cigotuvi's Dreadful Rot  Necr/Alch/Air  0%         N/A       100%        2
 Ensorcelled Hibernation  Hex/Ice        0%         N/A       100%        2
 Mercury Vapours          Alch/Air       0%         N/A       100%        2
 Call Canine Familiar     Summ           0%         N/A       100%        3
 Confusing Touch          Hex            0%         N/A       100%        3
 Fugue of the Fallen      Necr           0%         N/A       100%        3
 Mephitic Cloud           Conj/Alch/Air  0%         N/A       100%        3
 Sigil of Binding         Hex            0%         N/A       100%        3
 Anguish                  Hex/Necr       0%         N/A       100%        4
 Dimensional Bullseye     Hex/Tloc       0%         N/A       100%        4
 Dispel Undead            Necr           0%         3d6       100%        4
 Ignite Poison            Fire/Alch      0%         N/A       100%        4
 Leda's Liquefaction      Alch/Erth      0%         N/A       100%        4
 Petrify                  Alch/Erth      0%         N/A       100%        4
 Freezing Cloud           Conj/Ice/Air   0%         6-21      100%        5
 Metabolic Englaciation   Hex/Ice        0%         N/A       100%        5


Dungeon Overview and Level Annotations

Branches:
Dungeon (10/15)            Temple (1/1) D:4            Lair (0/5) D:8
    Orc: D:9-12

Altars:
Ashenzari
Cheibriados
Dithmenos
Elyvilon
Fedhas
Gozag
Hepliaklqana
Kikubaaqudgha
Makhleb
Nemelex Xobeh
Okawaru
Qazlal
Ru
Sif Muna
Trog
Uskayaw
Vehumet
Wu Jian
Xom
Yredelemnul
Zin
The Shining One

Shops:
D:2 ([:!   D:4 !?:

Annotations:
D:5 2 transporters, Fractals's ghost, weakling DjDe


Innate Abilities, Weirdness & Mutations

You can wield a second weapon in your off-hand.
It takes a long time for you to wield or remove held weapons.
Your first few attacks do less damage.
You cannot equip rings or amulets.
You have a pair of small horns on your head.
You are agile. (Dex +4, Str/Int -1)
You are somewhat resistant to further mutation.


Message History

You slash the yak with your +3 war axe of freezing!
You freeze the yak.
The yak gores you but does no damage. x2
Your Fighting skill increases to level 6!
You have reached level 11!
Your brain swirls with designs for a reticulated neoassembler.
You just need some more time...
You puncture the yak with your +3 vampiric trident!
You kill the yak!
The Council accepts your kill.
You lunge at the gargoyle.
You hit the gargoyle but do no damage. x2
The gargoyle hurls a stone arrow at you.
The stone arrow hits you!
Unknown command.
Unknown command.
Unknown command.
You spin and attack the gargoyle.
You hit the gargoyle but do no damage. x2
The gargoyle hurls a stone arrow at you.
The stone arrow hits you!
Unknown command.
Unknown command.
Unknown command.
You spin and attack the gargoyle.
You hit the gargoyle but do no damage. x2
The gargoyle hurls a stone arrow at you.
The stone arrow misses you.
Unknown command.
Unknown command.
Aiming: Wall Jump
Press: ? - help, Dir - move target You repeatedly attack the gargoyle from above.
You barely miss the gargoyle with your +3 war axe of freezing.
You headbutt the gargoyle, but do no damage.
You hit the gargoyle but do no damage.
You hit the gargoyle with your +3 war axe of freezing.
You freeze the gargoyle.
The gargoyle is lightly damaged.
You barely miss the gargoyle with your +3 vampiric trident.
The gargoyle hits you with a +0 mace.
* * * LOW HITPOINT WARNING * * *
The gargoyle hurls a stone arrow at you.
The stone arrow hits you!!
You die...

#########
##...#...##
##..†..<...##
#...†9○°....#
#....○@°....#
#....°°°....#
............<##
#...#...#...##
#..########...
... .... ##
.!.. ....


You could see a gargoyle.

Vanquished Creatures
  Pikel (D:3)
  Maurice (D:7)
  Maggie (D:7)
  Jeremiah (D:8)
  Grinder (D:4)
  Prince Ribbit (D:7)
  Sigmund (D:2)
  A shadow (D:9)
  3 wyverns
  6 yaks
  A water moccasin (D:7)
  An orc warrior (D:8)
  An ice beast (D:6)
  2 black bears (D:8)
  2 laughing skulls (D:9)
  An ogre (D:7)
  2 centaurs
  A phantom (D:6)
  3 kobold brigands
  A gnoll sergeant (D:8)
  A scorpion (D:7)
  4 bullfrogs
  8 wights
  2 bombardier beetles
  4 howler monkeys
  A jelly (D:7)
  Crazy Yiuf (D:3)
  2 orc priests (D:7)
  4 hounds
  Ijyb (D:4)
  Terence (D:3)
  2 iguanas
  5 orc wizards
  Natasha (thrice) (D:4)
  9 adders
  24 gnolls
  4 shadow imps
  A white imp (D:8)
  2 ribbon worms
  19 orcs
  7 ball pythons
  6 endoplasms
  4 giant cockroaches
  3 goblins
  4 hobgoblins
  2 jackals (D:2)
  51 kobolds
  8 quokkas
  6 bats
  6 frilled lizards
  7 rats
234 creatures vanquished.

Notes
Turn   | Place    | Note
-------+----------+-------------------------------------------
     0 | D:1      | Dylgear the Coglin Gladiator began the quest for the Orb.
     0 | D:1      | Reached XP level 1. HP: 16/16 MP: 1/1
    98 | D:1      | Reached XP level 2. HP: 19/22 MP: 2/2
   215 | D:1      | Found a faded altar of an unknown god.
   403 | D:2      | Noticed Sigmund
   403 | D:2      | Found Ryergh's Antique Armour Shoppe.
   436 | D:2      | Found Noeratos's Jewellery Boutique.
   466 | D:2      | Found Mimo's Distillery.
   720 | D:2      | Noticed a walking divine tome
   784 | D:2      | Reached XP level 3. HP: 27/27 MP: 3/3
   833 | D:2      | Found Gaohujy's Antique Weapon Shop.
  1040 | D:2      | Reached XP level 4. HP: 34/34 MP: 4/4
  1093 | D:2      | Reached skill level 4 in Axes
  1281 | D:2      | Noticed a walking earthen tome
  1283 | D:2      | Found Zuahita's Book Shop.
  1320 | D:2      | Killed Sigmund
  1321 | D:2      | Reached skill level 1 in Short Blades
  1321 | D:2      | Reached skill level 5 in Axes
  1321 | D:2      | Reached skill level 1 in Armour
  1321 | D:2      | Reached XP level 5. HP: 26/41 MP: 5/5
  1321 | D:2      | Reached XP level 6. HP: 29/47 MP: 6/6
  1472 | D:3      | Noticed Terence
  1889 | D:3      | Found a runed translucent door.
  1890 | D:3      | Noticed Crazy Yiuf
  1896 | D:3      | Killed Crazy Yiuf
  1989 | D:3      | Identified the ring "Daorphig" {rC+ rN++ rCorr}
  2578 | D:3      | Reached XP level 7. HP: 52/52 MP: 7/7
  2660 | D:3      | Killed Terence
  2690 | D:3      | Reached skill level 6 in Axes
  2786 | D:4      | Found a snail-covered altar of Cheibriados.
  2866 | D:4      | Noticed Pikel
  2884 | D:3      | Killed Pikel
  2885 | D:3      | Reached skill level 7 in Axes
  2885 | D:3      | Reached XP level 8. HP: 16/60 MP: 8/8
  3090 | D:4      | Found a blossoming altar of Fedhas.
  3091 | D:4      | Found Fiobu's Magic Scroll Boutique.
  3099 | D:4      | Bought a scroll of revelation for 82 gold pieces
  3099 | D:4      | Bought a scroll of identify for 22 gold pieces
  3100 | D:4      | Bought a scroll of identify for 22 gold pieces
  3421 | D:4      | Found a staircase to the Ecumenical Temple.
  3438 | Temple   | Entered the Ecumenical Temple
  3450 | Temple   | Became a worshipper of the Wu Jian Council
  3518 | D:4      | Noticed Grinder
  3525 | D:4      | Paralysed by Grinder for 4 turns
  3537 | D:4      | Killed Grinder
  3538 | D:4      | Reached skill level 8 in Axes
  3656 | D:4      | Found Fuhipsem's Distillery.
  3697 | D:4      | Noticed Ijyb
  3709 | D:4      | Killed Ijyb
  3848 | D:4      | Noticed Natasha
  3856 | D:4      | Killed Natasha
  3942 | D:4      | Found Omuhofuk's Book Emporium.
  3996 | D:4      | Noticed Natasha
  3998 | D:4      | Killed Natasha
  4094 | D:4      | Noticed Natasha
  4101 | D:4      | Killed Natasha
  4103 | D:4      | Gained mutation: You are somewhat resistant to further
                  | mutation. [potion of mutation]
  4103 | D:4      | Gained mutation: You have a pair of small horns on your
                  | head. [potion of mutation]
  4103 | D:4      | Gained mutation: You are agile. (Dex +4, Str/Int -1)
                  | [potion of mutation]
  4418 | D:4      | Reached * piety under Wu Jian
  4739 | D:5      | Entered Level 5 of the Dungeon
  4821 | D:5      | Found a stormy altar of Qazlal.
  4827 | D:4      | Reached ** piety under Wu Jian
  4898 | D:5      | Reached XP level 9. HP: 65/65 MP: 9/9
  4992 | D:5      | Found a transporter.
  4994 | D:5      | Noticed Fractals's ghost (weakling DjDe)
  5051 | D:5      | Found a transporter.
  5470 | D:5      | Reached skill level 9 in Axes
  5617 | D:6      | You fall into a shaft and drop 3 floors!
  5691 | D:9      | Reached skill level 1 in Evocations
  5917 | D:8      | Found an opulent altar of Gozag.
  6436 | D:6      | Identified the +0 ring mail of the Land of Plenty {Fly
                  | rElec rF- Dex+8}
  6828 | D:7      | Noticed Prince Ribbit
  6846 | D:7      | Killed Prince Ribbit
  6847 | D:7      | Reached skill level 5 in Armour
  7009 | D:7      | Reached skill level 10 in Axes
  7160 | D:7      | Found a radiant altar of Vehumet.
  7206 | D:7      | Reached XP level 10. HP: 72/73 MP: 10/10
  7304 | D:7      | Noticed Maggie
  7315 | D:7      | Killed Maggie
  7753 | D:7      | Found a burning altar of Makhleb.
  7811 | D:7      | Noticed Maurice
  7812 | D:7      | Maurice stole a +2 flail of pain
  7818 | D:7      | Killed Maurice
  7818 | D:7      | Reached *** piety under Wu Jian
  7819 | D:7      | Reached skill level 5 in Fighting
  8099 | D:8      | Reached skill level 11 in Axes
  8148 | D:8      | Found a staircase to the Lair.
  8637 | D:8      | Noticed a lindwurm
  8637 | D:8      | Noticed a lindwurm
  8653 | D:8      | Noticed a lindwurm
  8655 | D:8      | Noticed a lindwurm
  8722 | D:8      | Noticed Jeremiah
  8757 | D:8      | Killed Jeremiah
  9177 | D:8      | Found a hazy altar of Hepliaklqana.
  9177 | D:8      | Found a faded altar of an unknown god.
  9185 | D:8      | Found a glowing golden altar of the Shining One.
  9187 | D:8      | Found a hide-covered altar of Uskayaw.
  9189 | D:8      | Found a faded altar of an unknown god.
  9570 | D:9      | Found a broken altar of Ashenzari.
  9583 | D:10     | Entered Level 10 of the Dungeon
  9586 | D:10     | Noticed a gargoyle
  9590 | D:10     | Reached XP level 11. HP: 46/81 MP: 11/11
  9596 | D:10     | Killed from afar by a gargoyle

Illustrated notes

Levels and vault maps discovered:
D:1:      shiori_arrival_whats_in_store_for_you, layout_rooms,
          basic_ecumenical_altar, amcnicky_mini_rare_corridor_liquid
D:2:      minmay_angry_zag, layout_basic, serial_shops,
          nicolae_shop_hallway_stairs, nicolae_shop_tiny_glass,
          nicolae_shop_tiny_real_fake_doors, nicolae_shop_mannequins, shop,
          minmay_hexomino_u4, uniq_sigmund
D:3:      layout_loops_cross, minmay_divided_ellipse, uniq_crazy_yiuf_cottage,
          uniq_terence
D:4:      minmay_goblin_kobold_castle, layout_basic, cheibriados_altar_1,
          mainiacjoe_overflow_surrounded_room,
          minmay_temple_entry_gardened_gates, serial_shops, nicolae_square_shop,
          nicolae_shop_getting_attention, nicolae_shop_tiny_glass,
          nicolae_figureground_pulse, uniq_natasha, uniq_grinder, uniq_pikel,
          uniq_ijyb
D:5:      layout_gridville, mainiacjoe_overflow_alcove_1, gammafunk_ghost_arena
D:6:      layout_loops_cross, grunt_ministairs_2
D:7:      layout_loops_ring, kennysheep_mini_moat,
          nicolae_overflow_hidden_temple, uniq_maggie, uniq_prince_ribbit1,
          uniq_maurice
D:8:      layout_cave_pools, grunt_gozag_breadcrumbs,
          chequers_temple_overflow_minitemple, david_lair_generic,
          nrook_mini_vaults, minmay_lindwurm_lava, uniq_jeremiah
D:9:      layout_irregular_city, nicolae_ashenzari_skybound, hiddenorc2_lemuel
D:10:     layout_rooms, gammafunk_ghost_smash, serial_shops,
          nicolae_shop_tiny_glass
Temple:   nicolae_temple_bog_church

Skill      XL: |  1  2  3  4  5  6  7  8  9 10 |
---------------+-------------------------------+-----
Throwing       | 2 |  2.1
Dodging        | 3 |  3.5
Axes           | 5 7 8 10 11 | 11.8
Fighting       | 3 4 6 |  6.1
Short Blades   | 1 2 3 4 |  4.1
Armour         | 1 2 3 4 5 7 |  7.2
Evocations     | 3 4 |  4.1
Stealth        | |  0.7

Action                     |  1- 3 |  4- 6 |  7- 9 | 10-12 || total
---------------------------+-------+-------+-------+-------++-------
  Melee: War axe           |    66 |    61 |   276 |   133 ||   536
         Dagger            |    57 |    65 |   228 |       ||   350
         Headbutt          |       |       |    41 |    29 ||    70
         Short sword       |       |       |    42 |   100 ||   142
         Trident           |       |       |       |    34 ||    34
         Unarmed           |       |       |       |    21 ||    21
  Throw: Javelin           |     1 |       |     4 |       ||     5
         Throwing net      |       |     4 |       |       ||     4
Ability: Lunge             |       |       |    28 |    10 ||    38
         Whirlwind         |       |       |     6 |    15 ||    21
         Wall Jump         |       |       |     3 |     3 ||     6
    Use: Scroll            |     2 |     7 |     5 |     4 ||    18
         Potion            |     1 |     2 |     4 |     2 ||     9
   Stab: Held in net/web   |       |     3 |       |       ||     3
 Armour: Leather armour    |     6 |       |       |       ||     6
         Chain mail        |    66 |    61 |   172 |       ||   299
         Skin              |       |       |     7 |    37 ||    44
         Plate armour      |       |       |    73 |   104 ||   177
  Dodge: Dodged            |    36 |    30 |   110 |    48 ||   224

Table legend: (Time is in decaauts)
 A = Elapsed time spent in this place.
 B = Non-inter-level travel time spent in this place.
 C = Inter-level travel time spent in this place.
 D = Time resting spent in this place.
 E = Time spent auto-exploring this place.
 F = Levels seen in this place.
 G = Mean time per level.
                   A        B        C        D        E       F      G
               +--------+--------+--------+--------+--------+-----+--------+
         Total |   9647 |   9014 |    633 |   1769 |   3275 |  11 |  877.0 |
       Dungeon |   9620 |   8998 |    622 |   1769 |   3275 |  10 |  962.0 |
        Temple |     26 |     15 |     11 |      0 |      0 |   1 |   26.0 |
               +--------+--------+--------+--------+--------+-----+--------+

Top non-repeatable levels by time:
     D:4: 1827 daAuts
     D:2: 1313 daAuts
     D:7: 1305 daAuts
     D:3: 1302 daAuts
     D:8: 1191 daAuts
     D:6: 1048 daAuts
     D:5: 655 daAuts
     D:9: 528 daAuts
     D:1: 432 daAuts
  Temple: 26 daAuts
    D:10: 14 daAuts
